 Dungeon Crawl Stone Soup version 0.29.1-1-gd02db6906a (webtiles) character file.

Game seed: 15278112762635341397

75940 RascalDebosk the Eclecticist (level 16, -26/124 HPs)
             Began as a Djinni Conjurer on Oct 21, 2022.
             Was a Follower of Ashenzari.
             Killed by an exploding bloated husk (27 damage)
             ... on level 3 of the Swamp on Oct 22, 2022.
             The game lasted 03:53:46 (20127 turns).

RascalDebosk the Eclecticist (Djinni Conjurer)     Turns: 20127, Time: 03:53:46

Health: -26/124    AC: 10    Str: 10    XL:     16   Next: 0%
Gold:   362        EV: 16    Int: 28    God:    Ashenzari [*.....] SH:  9 Dex: 21

rFire   + + .      SeeInvis .   y - staff of conjuration
rCold   + . .      Faith    .   L - +2 buckler "Circumscribed With Me" {rC++ Int+2, Cun, Self} (curse)
rNeg    + + .      Spirit   .   j - +3 leather armour "Overhang to Understand" {rPois Will+ Str+4, Self, Cun} (curse)
rPois   ∞          Reflect  .   M - +0 helmet
rElec   .          Harm     .   (no cloak)
rCorr   .          Rampage  .   a - +2 pair of gloves
Will    +++..                   (boots unavailable)
Stlth   ++........              I - amulet of regeneration
HPRegen 1.10/turn               Q - ring "Cuynlunoq" {rN+ Dex+4}
MPRegen 0.00/turn               W - ring of Huatemmo {rPois rN+ Will+ Dex+3}

@: marked, flying, invisible
A: sickness immunity, fire resistance 2, cold vulnerability 1, float, innate
caster, HP casting, extra vitality 1
a: Renounce Religion, Curse Item, Shatter the Chains


You were on level 3 of the Swamp.
You worshipped Ashenzari.
Ashenzari was aware of your devotion.
You visited 5 branches of the dungeon, and saw 21 of its levels.
You also visited: Sewer and Gauntlet.

You collected 2263 gold pieces.
You spent 1901 gold pieces at shops.

Inventory:

Hand Weapons
 R - the +6 shillelagh "Devastator" {shatter}
   (You found it on level 5 of the Dungeon)

   It releases a powerful concussive burst when it strikes, dealing extra damage
   to the target and all other foes adjacent to them.
Armour
 a - a +2 pair of gloves (worn)
 j - the cursed +3 leather armour "Overhang to Understand" (worn) {rPois Will+ Str+4, Self, Cun}
   (You found it on level 2 of the Dungeon)

   Str:       It affects your strength (+4).
   rPois:     It protects you from poison.
   Will:      It increases your willpower.
   It has a curse which improves the following skills: Introspection: Fighting
   and Spellcasting.
   Cunning:   Dodging and Stealth.
 L - the cursed +2 buckler "Circumscribed With Me" (worn) {rC++ Int+2, Cun, Self}
   (You acquired it on level 5 of the Dungeon)

   Int:       It affects your intelligence (+2).
   rC:        It greatly protects you from cold.
   It has a curse which improves the following skills: Cunning: Dodging and
   Stealth.
   Introspection: Fighting and Spellcasting.
 M - a +0 helmet (worn)
Magical Staves
 m - a staff of earth
 y - a staff of conjuration (weapon)
 P - a staff of poison
 Y - a staff of air
Jewellery
 f - a ring of willpower
 s - an amulet of reflection
 I - an amulet of regeneration (around neck)
 Q - the ring "Cuynlunoq" (left hand) {rN+ Dex+4}
   (You acquired it on level 5 of the Dungeon)

   [ring of positive energy]

   Dex:       It affects your dexterity (+4).
   rN:        It protects you from negative energy.
 W - the ring of Huatemmo (right hand) {rPois rN+ Will+ Dex+3}
   (You acquired it on level 3 of the Lair of Beasts)

   [ring of willpower]

   Dex:       It affects your dexterity (+3).
   rPois:     It protects you from poison.
   rN:        It protects you from negative energy.
   Will:      It increases your willpower.
 X - the ring of Apod {rCorr Str+4}
   (You found it on level 1 of the Lair of Beasts)

   [ring of resist corrosion]

   Str:       It affects your strength (+4).
   rCorr:     It protects you from acid and corrosion.
Wands
 c - a wand of polymorph (12)
 l - a wand of flame (40)
 v - a wand of light (22)
 x - a wand of roots (16)
 A - a wand of mindburst (23)
 S - a wand of paralysis (5)
 U - a wand of digging (12)
Scrolls
 d - 2 scrolls of fear
 e - 6 scrolls of immolation
 n - a scroll of silence
 o - a scroll of magic mapping
 q - 2 scrolls of vulnerability
 t - 6 scrolls of teleportation
 w - 2 scrolls of enchant weapon
 K - 2 scrolls of poison
Potions
 b - a potion of haste
 h - a potion of resistance
 k - 7 potions of attraction
 p - 4 potions of brilliance
 r - 3 potions of heal wounds
 D - 3 potions of cancellation
 E - 2 potions of invisibility
 F - a potion of mutation
 H - 5 potions of curing
 J - 7 potions of lignification
Miscellaneous
 B - a box of beasts
 T - a phantom mirror
 Z - a piece from Xom's chessboard (15/15)


   Skills:
 + Level 13.7(14.9) Fighting
 - Level 4.0 Armour
 - Level 6.0(7.3) Dodging
 - Level 1.5(2.5) Stealth
 - Level 9.0 Shields
 * Level 15.3(16.5) Spellcasting
 + Level 8.0 Evocations


You had 10 spell levels left.
You knew the following spells:

 Your Spells              Type           Power      Damage    Failure   Level
a - Magic Dart            Conj           100%       1d8       0%          1
b - Searing Ray           Conj           100%       2d8       0%          2
c - Dazzling Flash        Conj/Hex       100%       N/A       0%          3
d - Fulminant Prism       Conj/Hex       54%        3d23      1%          4
e - Iskenderun's Mystic   Conj/Tloc      100%       2d19      1%          4
f - Slow                  Hex            100%       N/A       0%          1
g - Static Discharge      Conj/Air       100%       3-16/arc  0%          2
h - Call Canine Familiar  Summ           86%        N/A       0%          3
i - Mephitic Cloud        Conj/Pois/Air  100%       N/A       0%          3
j - Summon Ice Beast      Ice/Summ       86%        N/A       1%          4
k - Lightning Bolt        Conj/Air       54%        1d75      1%          5
l - Conjure Ball Lightni  Conj/Air       54%        3x3d20    1%          6
Your spell library was empty.

Dungeon Overview and Level Annotations

Branches:
Dungeon (11/15)            Temple (1/1) D:7            Lair (4/5) D:11
  Swamp (3/4) Lair:3       Spider (0/4) Lair:2          Orc (2/2) D:9
    Elf (0/3) Orc:2         Sewer (visited)         Gauntlet (visited)
  Slime: Lair:4-5

Altars:
Ashenzari
Cheibriados
Dithmenos
Elyvilon
Fedhas
Gozag
Hepliaklqana
Makhleb
Nemelex Xobeh
Okawaru
Qazlal
Ru
Trog
Uskayaw
Wu Jian
Xom
Yredelemnul
Zin
The Shining One

Shops:
D:2 (   D:4 *   D:5 *   D:6 (   Orc:2 !!=[?!

Annotations:
Orc:1 3 runed translucent doors, CInkIbrahim's ghost, journeyman FoAK; TheSexyCheese's ghost, journeyman MiFi


Innate Abilities, Weirdness & Mutations

You are immune to sickness and miasma.
You are immune to poison.
Your flesh is very heat resistant. (rF++)
You are vulnerable to cold. (rC-)
You float through the air rather than walking.
You learn spells naturally, not from books.
Your magical power is your life essence.
You have superior vitality. (+4 MHP)


Message History

* * * LOW HITPOINT WARNING * * *
The swamp worm fires a harpoon shot at you.
The harpoon shot hits you!
* * * LOW HITPOINT WARNING * * *
You are yanked forward by the harpoon shot.
A shambling mangrove, 2 vampire mosquitoes and a seven-headed hydra come into view.
Found a +0 long sword.
You fade into invisibility!
A vampire mosquito comes into view.
The swamp worm barely misses you.
A spriggan druid comes into view.
It is wielding a +0 quarterstaff and wearing a +2 robe of positive energy.
A bloated husk comes into view.
You block the spriggan's attack.
Casting: Iskenderun's Mystic Blast (safe; 1% risk of failure)
Confirm with . or Enter, or press ? or * to list all spells.
You feel a surge of power!
You erupt in a blast of force!
The mystic blast hits the vampire mosquito but does no damage.
The mystic blast hits the vampire mosquito!
The vampire mosquito is moderately damaged.
The vampire mosquito is knocked back by the mystic blast.
The vampire mosquito slams into the mangrove!
The vampire mosquito is severely damaged.
The mystic blast hits the spriggan!
The spriggan is heavily wounded.
The spriggan is knocked back by the mystic blast.
The mystic blast hits the spriggan!
The spriggan is severely wounded.
The spriggan is knocked back by the mystic blast.
The spriggan slams into the mangrove!
The spriggan is almost dead.
The mystic blast hits the swamp worm!!
You kill the swamp worm!
* * * LOW HITPOINT WARNING * * *
The briar patch crumbles away.
You have reached level 16!
You feel clever.
The briar patch crumbles away.
You block the alligator's attack. The alligator barely misses you.
The briar patch crumbles away.
You block the alligator's attack. The alligator closely misses you.
You block the vampire mosquito's attack.
The seven-headed hydra bites you.
* * * LOW HITPOINT WARNING * * *
The seven-headed hydra bites you.
* * * LOW HITPOINT WARNING * * *
You block the seven-headed hydra's attack.
The seven-headed hydra closely misses you.
The seven-headed hydra bites you!
* * * LOW HITPOINT WARNING * * *
The seven-headed hydra closely misses you.
The seven-headed hydra bites you but does no damage.
The alligator bites you!
* * * LOW HITPOINT WARNING * * *
The alligator misses you.
Casting: Iskenderun's Mystic Blast (safe; 1% risk of failure)
Confirm with . or Enter, or press ? or * to list all spells.
You feel a surge of power!
The spriggan is struck by an arc of lightning!
The spriggan is severely wounded.
You are struck by an arc of lightning!
* * * LOW HITPOINT WARNING * * *
The shambling mangrove is struck by an arc of lightning!
The shambling mangrove is lightly damaged.
The bloated husk is struck by an arc of lightning!
The bloated husk is heavily damaged.
The lightning grounds out.
The alligator is struck by an arc of lightning.
The alligator is almost dead.
The vampire mosquito is struck by an arc of lightning!
The vampire mosquito is heavily damaged.
The lightning grounds out.
The shambling mangrove is struck by an arc of lightning!!
The shambling mangrove is moderately damaged.
The seven-headed hydra is struck by an arc of lightning!
The seven-headed hydra is lightly wounded.
The bloated husk is struck by an arc of lightning!
The bloated husk is almost destroyed.
The shambling mangrove is struck by an arc of lightning!
The shambling mangrove is heavily damaged.
The spriggan is struck by an arc of lightning!
You kill the spriggan!
You hear a splash. x3
The lightning grounds out.
* * * LOW HITPOINT WARNING * * *
A spriggan druid comes into view. It is wielding a +0 quarterstaff.
The seven-headed hydra barely misses you.
You block the seven-headed hydra's attack.
The seven-headed hydra bites you!
* * * LOW HITPOINT WARNING * * *
The seven-headed hydra barely misses you.
The seven-headed hydra closely misses you.
The seven-headed hydra misses you.
You block the seven-headed hydra's attack.
The spriggan barely misses you.
The vampire mosquito closely misses you. x2
The bloated husk explodes!
The blast of putrescent gases engulfs the shambling mangrove!!
The blast of putrescent gases engulfs the spriggan druid!!
The blast of putrescent gases engulfs you!!
You die...

♣♣~~~ ~~.♣
P~§~♣.(.♣♣♣.~~♣
♣~P~PP~.~~♣~~~~♣♣
♣.~~~.~~.(~~..)..
♣.~♣...♣..~§~~~~~ §
♣~~~~..~..~.....~
~P♣♣.~~~.i).~..~~.~~
.P~~.~.<.fD.~~.§~.~~
~~P♣~~~~~@y~~~~.i...
..[~~..~iyt≈|(♣♣♣.
§.♣..~~.~y~~.♣♣ ~
♣~~.~~§~.~♣♣
♣♣.~~.~§♣♣~♣
♣♣♣...♣♣ ♣~♣ ♣.~♣♣
♣♣ ♣~~. ♣♣t.


You could see a shambling mangrove (unable to see you), an alligator (swift,
unable to see you), a seven-headed hydra (unable to see you), 2 spriggan druids,
3 vampire mosquitoes and a spriggan.

Vanquished Creatures
  Jorgrun (Orc:1)
  A thorn hunter (Swamp:3)
  2 orc warlords (Orc:1)
  4 eleionomae
  2 bunyips
  10 hydras
  4 ogre magi (Orc:2)
  4 alligators
  A ghost crab (Swamp:2)
  16 two-headed ogres
  The ghost of styxcanada the Protected, a novice MiFi of Gozag (Lair:1)
  Urug (D:11)
  4 death yaks
  Sonja (Orc:1)
  2 goliath frogs (Swamp:1)
  A swamp dragon (Swamp:2)
  A spriggan druid (Swamp:2)
  An obsidian statue (Lair:1)
  2 bog bodies (Swamp:2)
  A salamander (Lair:4)
  3 orc sorcerers (Orc:1)
  A cyclops (D:11)
  2 black mambas
  6 elephants (Lair:1)
  7 cane toads
  An unseen horror (D:11)
  A yaktaur (D:11)
  10 komodo dragons
  A rime drake (Lair:3)
  3 hornets
  4 tyrant leeches
  7 trolls
  17 blink frogs
  6 dream sheep (Lair:2)
  Sigmund (D:3)
  3 shadows
  5 spriggans
  A wraith (D:10)
  2 wyverns
  3 basilisks
  4 steam dragons
  48 yaks
  7 vampire mosquitoes
  11 swamp worms
  3 wargs
  An acid dragon (D:11)
  5 water moccasins
  3 swamp drakes
  8 orc warriors
  4 black bears
  3 ice beasts
  22 ogres
  A centaur (D:7)
  3 kobold brigands
  A gnoll sergeant (D:10)
  9 bullfrogs
  4 scorpions
  3 wights (D:9)
  5 killer bees (D:11)
  9 electric eels
  2 howler monkeys (D:9)
  A crimson imp (D:6)
  4 hounds
  2 jellies
  4 orc priests
  4 iguanas
  Ijyb (D:3)
  5 hell rats (Lair:3)
  Natasha (twice) (D:3)
  9 orc wizards
  7 adders
  15 gnolls
  4 river rats
  A shadow imp (D:8)
  A white imp (D:8)
  2 ufetubi (D:5)
  3 worms
  2 dart slugs
  41 orcs
  A bat (D:2)
  4 endoplasms
  3 giant cockroaches
  2 goblins (D:2)
  5 hobgoblins
  6 jackals
  20 kobolds
  3 quokkas
  7 ball pythons
  8 frilled lizards
  10 rats
  A bush (D:2)
  A fire vortex (Lair:4)
479 creatures vanquished.

Vanquished Creatures (collateral kills)
  A hydra (Swamp:2)
  An alligator (Swamp:2)
  A spriggan druid (Swamp:2)
  A cane toad (Lair:2)
  A blink frog (Lair:2)
  A yak (D:10)
  A spriggan (Swamp:2)
  A warg (Orc:1)
  An orc warrior (Orc:2)
  4 ogres
  A scorpion (D:7)
  An electric eel (D:10)
  3 hounds
  3 orc wizards
  A gnoll (D:4)
  A shadow imp (D:7)
  6 orcs
  3 jackals (D:4)
  A kobold (D:10)
33 creatures vanquished.

Vanquished Creatures (others)
  A bloated husk (Swamp:3)
  3 ball lightnings (Swamp:2)
  A briar patch (Swamp:3)
  102 fulminant prisms
  16 fungi
  63 plants
  3 withered plants (D:4)
189 creatures vanquished.

Grand Total: 701 creatures vanquished

Notes
Turn   | Place    | Note
-------+----------+-------------------------------------------
     0 | D:1      | RascalDebosk the Djinni Conjurer began the quest for the
                  | Orb.
     0 | D:1      | RascalDebosk set off with the following spells memorised:
                  | Magic Dart, Searing Ray, Dazzling Flash, Fulminant Prism,
                  | Iskenderun's Mystic Blast.
     0 | D:1      | Reached XP level 1. HP: 15/15 MP: 0/0
   356 | D:1      | Reached XP level 2. HP: 21/22 MP: 0/0
   651 | D:1      | Reached XP level 3. HP: 23/26 MP: 0/0
   651 | D:1      | Learned a level 1 spell: Slow
   723 | D:1      | Reached skill level 1 in Fighting
  1013 | D:2      | Identified the +3 leather armour of Disaster {rPois Will+
                  | Str+4}
  1031 | D:2      | Noticed an ogre
  1079 | D:2      | Killed an ogre
  1080 | D:2      | Reached skill level 1 in Armour
  1080 | D:2      | Reached skill level 4 in Spellcasting
  1080 | D:2      | Reached XP level 4. HP: 26/33 MP: 0/0
  1080 | D:2      | Reached XP level 5. HP: 30/38 MP: 0/0
  1080 | D:2      | Learned a level 2 spell: Static Discharge
  1555 | D:2      | Found Fanusify's Antique Weapon Boutique.
  2858 | D:3      | Noticed Sigmund
  2862 | D:3      | Killed Sigmund
  2863 | D:3      | Reached XP level 6. HP: 31/45 MP: 0/0
  3205 | D:3      | Noticed Ijyb
  3213 | D:3      | Killed Ijyb
  3489 | D:3      | Found a faded altar of an unknown god.
  3491 | D:3      | Noticed Natasha
  3498 | D:3      | Killed Natasha
  3499 | D:3      | Reached XP level 7. HP: 46/50 MP: 0/0
  3499 | D:3      | Learned a level 3 spell: Call Canine Familiar
  3599 | D:3      | Noticed Natasha
  3602 | D:3      | Killed Natasha
  3648 | D:3      | Reached skill level 5 in Spellcasting
  4384 | D:4      | Found Saevei Kidd's Overcharged Wands.
  4782 | D:4      | Found a blossoming altar of Fedhas.
  4881 | D:5      | Entered Level 5 of the Dungeon
  4881 | D:5      | Found Zauheraw's Assorted Antiques.
  4886 | D:5      | Reached XP level 8. HP: 45/58 MP: 0/0
  4888 | D:5      | Bought a runed opal ring for 115 gold pieces
  5160 | D:5      | Found a white marble altar of Elyvilon.
  5253 | D:5      | Reached skill level 6 in Spellcasting
  5394 | D:5      | Reached skill level 1 in Evocations
  5560 | D:5      | Found a stormy altar of Qazlal.
  5688 | D:5      | Found a glowing golden altar of the Shining One.
  5831 | D:5      | Found the +6 shillelagh "Devastator" {shatter}
  6004 | D:6      | Found a shadowy altar of Dithmenos.
  6064 | D:6      | Reached skill level 5 in Fighting
  6064 | D:6      | Reached XP level 9. HP: 55/65 MP: 0/0
  6064 | D:6      | Learned a level 3 spell: Mephitic Cloud
  6172 | D:6      | Found a sparkling altar of Nemelex Xobeh.
  6392 | D:6      | Found Woggass's Weapon Boutique.
  6402 | D:6      | Reached skill level 7 in Spellcasting
  6516 | D:6      | Found a glowing drain.
  6520 | Sewer    | Entered a sewer
  7681 | D:6      | Found a burning altar of Makhleb.
  7682 | D:6      | Found a shimmering altar of Xom.
  7850 | D:7      | Identified 2 scrolls of acquirement
  7850 | D:7      | Acquired 721 gold pieces
  8339 | D:5      | Acquired the +2 buckler of a sewer {rC++ Int+2}
  8483 | D:7      | Identified the +1 leather armour of Objectivity {Int+4}
  8487 | D:7      | Found a staircase to the Ecumenical Temple.
  8493 | Temple   | Entered the Ecumenical Temple
  9057 | Temple   | Became a worshipper of Ashenzari the Shackled
  9174 | D:7      | Reached XP level 10. HP: 63/73 MP: 0/0
  9554 | D:8      | Reached skill level 1 in Shields
  9582 | D:8      | Reached skill level 8 in Spellcasting
  9643 | D:8      | Found a snail-covered altar of Cheibriados.
 10363 | D:9      | Reached skill level 9 in Spellcasting
 10449 | D:9      | Found a staircase to the Orcish Mines.
 10619 | D:10     | Entered Level 10 of the Dungeon
 10662 | D:10     | Found a sacrificial altar of Ru.
 10825 | D:10     | Reached XP level 11. HP: 78/80 MP: 0/0
 10825 | D:10     | Learned a level 4 spell: Summon Ice Beast
 10913 | D:10     | Reached skill level 5 in Shields
 10924 | D:10     | Reached skill level 10 in Spellcasting
 11528 | D:11     | Noticed a two-headed ogre
 11534 | D:11     | Killed a two-headed ogre
 11538 | D:11     | Noticed Urug
 11549 | D:11     | Killed Urug
 11625 | D:11     | Found a staircase to the Lair.
 11628 | D:11     | Found a gate leading to a gauntlet.
 11636 | Gauntlet | Entered a Gauntlet
 11636 | Gauntlet | Found a transporter.
 11666 | Gauntlet | Found a transporter.
 11670 | Gauntlet | Found a transporter.
 11676 | Gauntlet | Found a transporter.
 11681 | Gauntlet | Found a transporter.
 11685 | Gauntlet | Found a transporter.
 11692 | Gauntlet | Noticed a death drake
 11696 | Gauntlet | Found a transporter.
 11697 | Gauntlet | Found a transporter.
 11701 | Gauntlet | Noticed a fire crab
 11705 | Gauntlet | Found a transporter.
 11709 | Gauntlet | Found a transporter.
 11711 | Gauntlet | Noticed a fire crab
 11713 | Gauntlet | Found a runed translucent door.
 11715 | Gauntlet | Found a runed translucent door.
 11717 | Gauntlet | Found a transporter.
 11739 | Gauntlet | Found a transporter.
 11751 | Gauntlet | Found a transporter.
 11763 | Gauntlet | Found a transporter.
 11988 | D:11     | Noticed a cyclops
 11997 | D:11     | Reached skill level 5 in Dodging
 12001 | D:11     | Reached XP level 12. HP: 59/89 MP: 0/0
 12430 | D:5      | Bought a scroll of acquirement for 1196 gold pieces
 12430 | D:5      | Acquired the ring "Cuynlunoq" {rN+ Dex+4}
 12853 | Lair:1   | Entered Level 1 of the Lair of Beasts
 12886 | Lair:1   | Reached skill level 11 in Spellcasting
 12931 | Lair:1   | Noticed a six-headed hydra
 12940 | Lair:1   | Killed a six-headed hydra
 12963 | Lair:1   | Found a runed translucent gate.
 12963 | Lair:1   | Found a runed translucent gate.
 12963 | Lair:1   | Found a runed translucent gate.
 12963 | Lair:1   | Noticed styxcanada's ghost (novice MiFi)
 13055 | Lair:1   | Reached skill level 10 in Fighting
 13343 | Lair:1   | Identified the ring of Apod {rCorr Str+4}
 13348 | Lair:1   | Identified the +8 spear "Qivaleamn" {holy, Str+3}
 13368 | Lair:1   | Reached XP level 13. HP: 96/97 MP: 0/0
 13368 | Lair:1   | Learned a level 5 spell: Lightning Bolt
 13398 | Lair:1   | Found a burning altar of Makhleb.
 13635 | Lair:1   | Killed styxcanada's ghost
 13636 | Lair:1   | Reached skill level 12 in Spellcasting
 14275 | Lair:2   | Found a hole to the Spider Nest.
 15124 | Lair:3   | Noticed a four-headed hydra
 15130 | Lair:3   | Killed a four-headed hydra
 15149 | Lair:3   | Acquired the ring of Huatemmo {rPois rN+ Will+ Dex+3}
 15257 | Lair:3   | Noticed a five-headed hydra
 15261 | Lair:3   | Killed a five-headed hydra
 15261 | Lair:3   | Noticed an eight-headed hydra
 15263 | Lair:3   | Killed an eight-headed hydra
 15275 | Lair:3   | Found a staircase to the Swamp.
 15526 | Lair:3   | Noticed a six-headed hydra
 15528 | Lair:3   | Killed a six-headed hydra
 15639 | Lair:3   | Reached skill level 13 in Spellcasting
 15895 | Lair:3   | Reached XP level 14. HP: 87/107 MP: 0/0
 16447 | Lair:4   | Found a shimmering altar of Xom.
 17202 | Orc:1    | Entered Level 1 of the Orcish Mines
 17206 | Orc:1    | Found a runed translucent gate.
 17207 | Orc:1    | Reached * piety under Ashenzari
 17218 | Orc:1    | Found a runed translucent gate.
 17220 | Orc:1    | Found a runed translucent gate.
 17230 | Orc:1    | Noticed TheSexyCheese's ghost (journeyman MiFi)
 17319 | Orc:1    | Noticed CInkIbrahim's ghost (journeyman FoAK)
 17359 | Orc:1    | Noticed an orc warlord
 17363 | Orc:1    | Killed an orc warlord
 17374 | Orc:1    | Noticed Jorgrun
 17390 | Orc:1    | Killed Jorgrun
 17392 | Orc:1    | Noticed Sonja
 17402 | Orc:1    | Killed Sonja
 17420 | Orc:1    | Noticed an orc warlord
 17428 | Orc:1    | Killed an orc warlord
 17429 | Orc:1    | Reached skill level 5 in Evocations
 17757 | Orc:2    | Entered Level 2 of the Orcish Mines
 17757 | Orc:2    | Found Ruijeech's Magic Scroll Shop.
 17763 | Orc:2    | Reached skill level 14 in Spellcasting
 17786 | Orc:2    | Reached XP level 15. HP: 69/116 MP: 0/0
 17786 | Orc:2    | Learned a level 6 spell: Conjure Ball Lightning
 17988 | Orc:2    | Found Tifounlu's Distillery.
 17988 | Orc:2    | Found Gudas's Antique Armour Boutique.
 17990 | Orc:2    | Found Iross's Jewellery Shoppe.
 17990 | Orc:2    | Found Egricim's Distillery.
 18206 | Orc:2    | Bought a potion of invisibility for 136 gold pieces
 18206 | Orc:2    | Bought a potion of brilliance for 68 gold pieces
 18206 | Orc:2    | Bought a potion of invisibility for 136 gold pieces
 18207 | Orc:2    | Bought a potion of heal wounds for 65 gold pieces
 18207 | Orc:2    | Bought a potion of heal wounds for 65 gold pieces
 18361 | Orc:2    | Found Vijegut's Distillery.
 18375 | Orc:2    | Bought a potion of haste for 120 gold pieces
 18433 | Orc:2    | Found a staircase to the Elven Halls.
 18692 | Swamp:1  | Entered Level 1 of the Swamp
 19432 | Swamp:2  | Reached skill level 15 in Spellcasting
 20109 | Swamp:3  | Noticed a thorn hunter
 20120 | Swamp:3  | Killed a thorn hunter
 20125 | Swamp:3  | Reached XP level 16. HP: 39/124 MP: 0/0
 20127 | Swamp:3  | HP: 1/124 [seven-headed hydra (11)]
 20127 | Swamp:3  | Killed by an exploding bloated husk

Illustrated notes

Levels and vault maps discovered:
D:1:      dpeg_arrival_rooms_b, layout_rooms
D:2:      layout_rooms, serial_shops, nicolae_shop_hallway_plus,
          minmay_misc_feat_doors, grunt_decor_clamped, minmay_hedge_maze,
          hangedman_feature_mirror, minmay_misc_feat_tower,
          chequers_serial_rivers_small_a, minmay_misc_feat_nine_boxes
D:3:      layout_loops_corners, dreamdust_ecumenical_altar_statues,
          kennysheep_donut, uniq_sigmund, uniq_natasha, uniq_ijyb
D:4:      layout_loops_cross, grunt_temple_overflow_growth_and_decay,
          nicolae_shop_overcharged_wands
D:5:      layout_gridville, mainiacjoe_overflow_concentric_impassable,
          nicolae_qazlal_scattered_showers, kennysheep_little_box, serial_shops,
          nicolae_stop_n_shop_2, dilly_guarded_unrand_devastator
D:6:      layout_loops_ring, lemuel_crystal_altar,
          nemelex_xobeh_ov_fountains_minmay,
          grunt_temple_overflow_champion_of_chaos, serial_shops,
          nicolae_shop_crystal, gup_sewer_entry_spiral,
          hangedman_decor_peaks_small, kennysheep_generic_room_11
D:7:      layout_rooms, minmay_temple_entry_wispy, grunt_ministairs_14
D:8:      layout_gridville, overflow_temple_1_default
D:9:      layout_cross, david_orc_3
D:10:     layout_basic, nicolae_ru_sacrificial_ziggurat
D:11:     nicolae_cairo_tiling_large, layout_loops_ring, lair_entry_dummy,
          gauntlet_entry_generic, minmay_mirror_moons_of_madness, uniq_urug
Temple:   chequers_temple_sunken
Lair:1:   statuecave_lemuel, layout_hall_layers, basic_altar,
          ebering_ghost_rock_garden, grunt_megastairs_2
Lair:2:   layout_layer_cave, spider_nest_entry_web_field,
          small_statue_intersection, st_stairs_9,
          chequers_serial_rivers_large_b, serial_bayou_ford_a
Lair:3:   layout_small_grid, palyth_hydra_swamp_entry,
          grunt_forest_large_clearing_hut
Lair:4:   layout_gridlike, basic_altar
Swamp:1:  layout_basic_swamp, evilmike_swamp_ruin_rubble_2
Swamp:2:  layout_basic_swamp, infiniplex_staircase_pool
Swamp:3:  layout_falls_marsh, hangedman_swamp_diagram,
          infiniplex_staircase_pool_2
Orc:1:    layout_caves, gammafunk_ghost_cemetery, minmay_orc_temple_a,
          uniq_sonja, uniq_jorgrun
Orc:2:    st_orc_ogre_mass, layout_caves, serial_shops, shop, shop

Skill      XL: |  1  2  3  4  5  6  7  8  9 10 11 12 13 14 15 |
---------------+----------------------------------------------+-----
Fighting       | 1 2 3 5 6 7 9 10 11 12 13 | 13.7
Armour         | 1 2 3 4 |  4.0
Spellcasting   | 4 5 6 7 9 10 11 13 14 15 | 15.3
Evocations     | 2 4 5 8 |  8.0
Shields        | 4 5 6 8 9 |  9.0
Dodging        | 5 6 |  6.0
Stealth        | |  1.5

Action                   |  1- 3 |  4- 6 |  7- 9 | 10-12 | 13-15 | 16-18 || total
-------------------------+-------+-------+-------+-------+-------+-------++-------
Melee: Dagger            |       |   467 |       |       |       |       ||   467
       Punch             |       |    11 |       |       |       |       ||    11
       Staff             |       |       |     6 |     1 |     1 |       ||     8
 Cast: Magic Dart        |    37 |    50 |   155 |   135 |   230 |       ||   607
       Searing Ray       |     2 |       |    10 |    17 |    13 |       ||    42
       Slow              |     1 |       |     3 |     1 |     2 |       ||     7
       Fulminant Prism   |       |     8 |    19 |    41 |    34 |       ||   102
       Iskenderun's Myst |       |     1 |    28 |    92 |   155 |       ||   276
       Call Canine Famil |       |       |     7 |     1 |    10 |       ||    18
       Static Discharge  |       |       |     1 |     7 |     2 |     1 ||    11
       Mephitic Cloud    |       |       |       |     7 |    13 |       ||    20
       Summon Ice Beast  |       |       |       |     1 |    12 |       ||    13
       Lightning Bolt    |       |       |       |       |    96 |       ||    96
       Conjure Ball Ligh |       |       |       |       |     1 |       ||     1
Invok: Curse Item        |       |       |       |       |     2 |       ||     2
  Use: Scroll            |       |       |    13 |    11 |     5 |       ||    29
       Potion            |       |       |       |     1 |     4 |       ||     5
Armor: Robe              |     1 |       |       |       |       |       ||     1
       Leather armour    |       |     2 |    10 |    14 |    15 |     1 ||    42
Dodge: Dodged            |     5 |     2 |    30 |    37 |    52 |    12 ||   138
Block: Other             |       |       |     8 |       |       |       ||     8
       Reflection        |       |       |     3 |       |       |       ||     3
       Buckler           |       |       |     2 |    21 |    29 |     6 ||    58
